[Event "Titled Tuesday Blitz May 23 Early 2023"]
[White "Lehtosaari, Mauri"]
[Black "Sarana, Alexey"]
[WhiteFideId "501999"]
[BlackFideId "24133795"]
[WhiteElo "2511"]
[BlackElo "2714"]
[Result "0-1"]
[Round "01"]
[TimeControl "180+2"]
[Date "2023.05.23"]
[WhiteClock "0:00:15"]
[BlackClock "0:00:54"]

1. d4 Nf6 2. Nf3 d5 3. Bg5 c6 4. Nbd2 Bf5 5. e3 Nbd7 6. c4 e6 7. Qb3 Qb6 8. c5 Qc7 9. Qd1 Be7 10. Bf4 Qc8 11. h3 a5 12. b3 b6 13. cxb6 Nxb6 14. Qc1 O-O 15. Be2 h6 16. Ne5 c5 17. O-O cxd4 18. exd4 Qxc1 19. Raxc1 Ba3 20. Rc6 Nbd7 21. Nxd7 Nxd7 22. Bd6 Bxd6 23. Rxd6 Nf6 24. Rc1 Rfb8 25. Bd1 Kf8 26. Rdc6 Bd3 27. Nf3 Bb5 28. Rc7 Ne8 29. R7c5 Nd6 30. Ne5 Be8 31. g4 g5 32. Kh2 Ne4 33. R5c2 a4 34. bxa4 Rxa4 35. f3 Nd6 36. Be2 Rxd4 37. Rc7 Rd2 38. R1c2 Rb2 0-1


[Site "https://www.chess.com"]

[Event "Titled Tuesday Blitz May 23 Early 2023"]
[White "Dubov, Daniil"]
[Black "Santos Flores, Alberto"]
[WhiteFideId "24126055"]
[BlackFideId "3601234"]
[WhiteElo "2793"]
[BlackElo "2235"]
[Result "1-0"]
[Round "01"]
[TimeControl "180+2"]
[Date "2023.05.23"]
[WhiteClock "0:01:57"]
[BlackClock "0:00:07"]

1. d4 d5 2. Nf3 Nf6 3. Bf4 c5 4. e3 Nc6 5. Nbd2 cxd4 6. exd4 Bf5 7. c3 e6 8. Bb5 Rc8 9. Ne5 Qb6 10. a4 Be7 11. b4 O-O 12. Bxc6 bxc6 13. a5 Qa6 14. Qe2 Qxe2+ 15. Kxe2 Rfd8 16. f3 Nd7 17. Nxd7 Rxd7 18. Nb3 a6 19. Kd2 h6 20. Ra2 Rb7 21. g4 Bh7 22. h4 g5 23. hxg5 hxg5 24. Bg3 Kg7 25. Ke3 Bg6 26. Rb2 f6 27. Rhh2 Bf8 28. Nc5 Bxc5 29. bxc5 Rb5 30. Rxb5 cxb5 31. Bd6 Be8 32. f4 gxf4+ 33. Kxf4 Bd7 34. g5 fxg5+ 35. Kxg5 Rg8 36. Kf4 Kf6 37. Rh6+ Rg6 38. Rh7 1-0


[Site "https://www.chess.com"]

[Event "Titled Tuesday Blitz May 23 Early 2023"]
[White "Chan, Luis"]
[Black "Martinez Alcantara, Jose Eduardo"]
[WhiteFideId "3216357"]
[BlackFideId "3805662"]
[WhiteElo "2127"]
[BlackElo "2711"]
[Result "0-1"]
[Round "01"]
[TimeControl "180+2"]
[Date "2023.05.23"]
[WhiteClock "0:00:01"]
[BlackClock "0:01:11"]

1. d4 Nf6 2. c4 e6 3. Nc3 Bb4 4. e3 O-O 5. Ne2 d5 6. a3 Be7 7. cxd5 exd5 8. Nf4 c6 9. Bd3 Re8 10. O-O Bf8 11. h3 g6 12. b4 a5 13. Rb1 axb4 14. axb4 b5 15. Bd2 Nbd7 16. Re1 Nb6 17. e4 dxe4 18. Nxe4 Nxe4 19. Bxe4 Rxe4 20. Rxe4 Bf5 21. Qf3 Nc4 22. Be3 Nd6 23. Re5 Bxb1 24. Qxc6 Rc8 25. Qa6 Ra8 26. Qc6 Ba2 27. Kh2 Qc8 28. Qf3 Qb7 29. Nd5 Bxd5 30. Rxd5 Nc4 31. Rg5 Qxf3 32. gxf3 Nxe3 33. fxe3 Rb8 0-1


[Site "https://www.chess.com"]

[Event "Titled Tuesday Blitz May 23 Early 2023"]
[White "Bortnyk, Olexandr"]
[Black "Goltseva, Ekaterina"]
[WhiteFideId "14120828"]
[BlackFideId "24173770"]
[WhiteElo "2734"]
[BlackElo "2114"]
[Result "1-0"]
[Round "01"]
[TimeControl "180+2"]
[Date "2023.05.23"]
[WhiteClock "0:00:22"]
[BlackClock "0:00:01"]

1. d4 d5 2. Nc3 Nf6 3. Bf4 e6 4. Nb5 Na6 5. e3 Be7 6. Nf3 O-O 7. h4 c6 8. Nc3 Qa5 9. Bd3 c5 10. O-O Nb4 11. a3 Nc6 12. dxc5 Qxc5 13. Nb5 Ne8 14. b4 Qb6 15. c4 a6 16. Nc3 Bf6 17. Rc1 d4 18. exd4 Nxd4 19. Ne4 Nf5 20. c5 Qd8 21. g3 Nc7 22. Nxf6+ gxf6 23. Bxf5 exf5 24. Qxd8 Rxd8 25. Bxc7 Rd3 26. Kg2 Be6 27. Rfd1 Rxa3 28. Nd4 Bd5+ 29. Kh2 Be4 30. Rd2 Rc8 31. Bb6 Ra4 32. f3 Rxb4 33. fxe4 Rxb6 34. cxb6 Rxc1 35. Nxf5 h5 36. Rd7 Rc2+ 37. Kh3 Rb2 38. Rxb7 a5 39. Rb8+ Kh7 40. b7 a4 41. Nd6 1-0


[Site "https://www.chess.com"]

[Event "Titled Tuesday Blitz May 23 Early 2023"]
[White "Korkmaz, Necmettin"]
[Black "Grischuk, Alexander"]
[WhiteFideId "6303285"]
[BlackFideId "4126025"]
[WhiteElo "2097"]
[BlackElo "2721"]
[Result "0-1"]
[Round "01"]
[TimeControl "180+2"]
[Date "2023.05.23"]
[WhiteClock "0:00:14"]
[BlackClock "0:00:03"]

1. e4 e6 2. d3 c5 3. Nd2 Nc6 4. Ngf3 g6 5. g3 Bg7 6. Bg2 Nge7 7. O-O O-O 8. Re1 d6 9. Nf1 e5 10. c4 h6 11. Ne3 a6 12. Nd5 b5 13. b3 Rb8 14. h3 Nxd5 15. cxd5 Ne7 16. g4 f5 17. g5 f4 18. gxh6 Bxh6 19. Kh2 Kh7 20. Rg1 Ng8 21. Rh1 Nf6 22. Kg1 Rg8 23. Nh2 Kg7 24. Kf1 Bd7 25. Ng4 Nxg4 26. hxg4 Bg5 27. Bf3 a5 28. Ke2 Bh4 29. Bd2 Rh8 30. Rh2 Qc8 31. Qg1 g5 32. Rg2 Qa6 33. Qc1 Rhc8 34. Qa3 b4 35. Qc1 Bb5 36. Qc2 a4 37. Rgg1 Ra8 38. Rh1 Ra7 39. Rxh4 gxh4 40. Rh1 axb3 41. axb3 Qa2 42. Qd1 Rh8 43. g5 Qb2 44. Bg4 Ra2 45. Be6 f3+ 46. Kxf3 Qd4 47. Be3 Qxd3 48. Qxd3 Bxd3 49. Bf5 Bc2 50. Kg4 Bxb3 51. g6 Bc4 52. Rxh4 Rxh4+ 53. Kxh4 Ra1 54. f4 b3 55. fxe5 b2 56. Be6 b1=Q 57. Kg5 Qe1 58. Bf4 Qg1+ 59. Kf5 Rf1 60. Bf7 Qg3 61. Ke6 Qxf4 62. Ke7 Qxe5+ 63. Kd7 Rxf7+ 64. Kc6 Rf6 0-1


[Site "https://www.chess.com"]

[Event "Titled Tuesday Blitz May 23 Early 2023"]
[White "Sviridov, Valery"]
[Black "Martic, Ivan"]
[WhiteFideId "4120680"]
[BlackFideId "929301"]
[WhiteElo "2457"]
[BlackElo "2360"]
[Result "1/2-1/2"]
[Round "01"]
[TimeControl "180+2"]
[Date "2023.05.23"]
[WhiteClock "0:00:41"]
[BlackClock "0:00:09"]

1. d4 Nf6 2. Nf3 g6 3. g3 Bg7 4. Bg2 O-O 5. O-O d6 6. c4 Nbd7 7. Nc3 e5 8. e4 c6 9. h3 Qb6 10. dxe5 dxe5 11. Qc2 Re8 12. Be3 Qc7 13. Rfd1 Nh5 14. c5 a5 15. Nd2 Bf8 16. Na4 Ndf6 17. Nc4 Be6 18. Nd6 Red8 19. Rd3 Bxd6 20. cxd6 Rxd6 21. Bb6 Qd7 22. Nc5 Qe7 23. Rxd6 Qxd6 24. Nxb7 Qb8 25. Qxc6 Bd7 26. Qc7 Qxc7 27. Bxc7 Ra7 28. Bxe5 Rxb7 29. g4 Rb5 30. Bc3 Nxg4 31. hxg4 Bxg4 32. f3 Be6 33. Rd1 f6 34. Rd8+ Kf7 35. Bf1 Rg5+ 36. Kf2 Ng3 37. Bd3 Bxa2 38. Rd7+ Ke6 39. Rxh7 Nh5 40. Ra7 Nf4 41. Bf1 Bb1 42. Rxa5 Rxa5 43. Bxa5 Nd3+ 44. Ke3 Nxb2 45. Be2 Ba2 46. Bc3 Nc4+ 47. Kd4 Ne5 48. f4 Nc6+ 49. Kc5 Ne7 50. Bf1 Kf7 51. Kd6 Be6 52. Ba6 Nc8+ 53. Kc7 Ne7 54. Bd3 f5 55. Kd6 fxe4 56. Bxe4 Nf5+ 57. Ke5 Ne7 58. Bb4 Nf5 59. Bd3 Ng7 60. Be2 Nf5 61. Bf3 Ng7 62. Be4 Nf5 63. Bc3 Ng7 64. Kd6 Nf5+ 65. Kc7 Ne7 66. Be5 Nf5 67. Kd8 Ne7 68. Bd6 Nf5 69. Bc5 Ng7 70. Kc7 Nf5 71. Kb6 Ne7 72. Kb5 Nf5 73. Kb4 Ng3 74. Bc2 Nf5 75. Kc3 Ng7 76. Kd4 Nf5+ 77. Ke4 Ng7 78. Kf3 Nf5 79. Bb1 Ng7 80. Ba3 Bf5 81. Ba2+ Be6 82. Bb1 Bf5 83. Ba2+ Be6 84. Bb1 1/2-1/2


[Site "https://www.chess.com"]

[Event "Titled Tuesday Blitz May 23 Early 2023"]
[White "Hajiyev, Kanan"]
[Black "Paravyan, David"]
[WhiteFideId "13404148"]
[BlackFideId "4194985"]
[WhiteElo "2103"]
[BlackElo "2563"]
[Result "0-1"]
[Round "01"]
[TimeControl "180+2"]
[Date "2023.05.23"]
[WhiteClock "0:00:01"]
[BlackClock "0:01:47"]

1. d4 Nf6 2. c4 g6 3. Nf3 Bg7 4. g3 c6 5. Bg2 d5 6. cxd5 cxd5 7. O-O O-O 8. Nc3 Ne4 9. Qb3 Nc6 10. Rd1 Nxc3 11. bxc3 b6 12. Nd2 e6 13. Ba3 Re8 14. e4 Bb7 15. e5 Rc8 16. h4 Na5 17. Qc2 Ba6 18. Bb4 Qc7 19. Rac1 h5 20. Bxa5 bxa5 21. Nb3 Bh6 22. Nc5 Bxc1 23. Qxc1 Bc4 24. Qh6 Qe7 25. a4 Qf8 26. Qg5 Rxc5 27. dxc5 Qxc5 28. Rd4 Qe7 29. Qh6 Rc8 30. g4 Be2 31. f3 Rxc3 32. gxh5 Qc5 33. hxg6 Qxd4+ 34. Kh2 Qxe5+ 35. f4 Qg7 36. gxf7+ Kxf7 37. Qg5 Qxg5 0-1


[Site "https://www.chess.com"]

[Event "Titled Tuesday Blitz May 23 Early 2023"]
[White "Madaminov, Mukhiddin"]
[Black "Yelisieiev, Yevhenii"]
[WhiteFideId "14210703"]
[BlackFideId "14139642"]
[WhiteElo "2511"]
[BlackElo "2403"]
[Result "1-0"]
[Round "01"]
[TimeControl "180+2"]
[Date "2023.05.23"]
[WhiteClock "0:00:56"]
[BlackClock "0:00:03"]

1. d4 d6 2. e4 Nf6 3. Nc3 e5 4. Nf3 Nbd7 5. Rg1 c6 6. g4 g6 7. g5 Nh5 8. Be3 Bg7 9. Qd2 O-O 10. O-O-O Qa5 11. Kb1 Re8 12. h4 b5 13. a3 Rb8 14. Be2 Nf4 15. Bxf4 exf4 16. h5 c5 17. hxg6 hxg6 18. Rh1 b4 19. Nd5 Rxe4 20. Bd3 Re8 21. Bc4 Ba6 22. Ba2 cxd4 23. axb4 Qd8 24. Nxd4 Qxg5 25. Nc6 Rbc8 26. Rdg1 Qf5 27. Nce7+ Rxe7 28. Nxe7+ Kf8 29. Nxf5 gxf5 30. Qxd6+ Kg8 31. Rxg7+ Kxg7 32. Qh6+ Kg8 33. Qh8# 1-0


[Site "https://www.chess.com"]

[Event "Titled Tuesday Blitz May 23 Early 2023"]
[White "Sliwicki, Damian"]
[Black "Lenderman, Aleksandr"]
[WhiteFideId "1127128"]
[BlackFideId "2021285"]
[WhiteElo "2030"]
[BlackElo "2607"]
[Result "0-1"]
[Round "01"]
[TimeControl "180+2"]
[Date "2023.05.23"]
[WhiteClock "0:00:10"]
[BlackClock "0:00:48"]

1. e4 c5 2. Nf3 Nc6 3. Bb5 e6 4. O-O Nge7 5. Re1 b6 6. c3 a6 7. Bf1 d5 8. exd5 Nxd5 9. d4 cxd4 10. Nxd4 Bb7 11. Nf5 Qd7 12. Bg5 f6 13. Bh4 O-O-O 14. Nd4 Nxd4 15. cxd4 Kb8 16. Nc3 Bd6 17. Bg3 Bxg3 18. hxg3 Nc7 19. Rc1 Qxd4 20. Qb3 b5 21. a4 b4 22. Re4 Bxe4 23. Nxe4 Qxe4 24. Rc4 Qe5 25. Qxb4+ Ka7 26. Rc5 Qd6 27. Qc4 Kb7 28. Qb4+ Qb6 29. Qc4 Rd5 30. Rxc7+ Qxc7 31. Qxa6+ Kb8 32. Qxe6 Rhd8 33. b4 Rd1 34. a5 Rxf1+ 35. Kh2 Rh1+ 36. Kxh1 Qc1+ 37. Kh2 Qh6+ 0-1


[Site "https://www.chess.com"]

[Event "Titled Tuesday Blitz May 23 Early 2023"]
[White "Hakobyan, Aram"]
[Black "Hnydiuk, Aleksander"]
[WhiteFideId "13306677"]
[BlackFideId "1109057"]
[WhiteElo "2584"]
[BlackElo "2374"]
[Result "1-0"]
[Round "01"]
[TimeControl "180+2"]
[Date "2023.05.23"]
[WhiteClock "0:00:44"]
[BlackClock "0:00:00"]

1. d4 d5 2. c4 c6 3. cxd5 cxd5 4. Nc3 Nf6 5. Bf4 Nc6 6. Nf3 a6 7. Ne5 e6 8. e3 Bd6 9. Nxc6 bxc6 10. Bxd6 Qxd6 11. Bd3 c5 12. Qa4+ Bd7 13. Qa3 O-O 14. dxc5 Qe5 15. Ne2 Rfb8 16. Rb1 a5 17. O-O Rb4 18. Qc3 Qh5 19. Nf4 Qh6 20. c6 Bc8 21. a3 Rb6 22. Qc5 Rb3 23. Bc2 Rbb8 24. c7 Rb7 25. Qe7 g5 26. Nd3 Kg7 27. Ne5 Qh5 28. Bg6 hxg6 29. Qxf7+ Kh6 30. Qxf6 1-0


[Site "https://www.chess.com"]

[Event "Titled Tuesday Blitz May 23 Early 2023"]
[White "Mostbauer, Florian"]
[Black "Svane, Rasmus"]
[WhiteFideId "1626671"]
[BlackFideId "4657101"]
[WhiteElo "2234"]
[BlackElo "2601"]
[Result "0-1"]
[Round "01"]
[TimeControl "180+2"]
[Date "2023.05.23"]
[WhiteClock "0:00:12"]
[BlackClock "0:00:42"]

1. c4 e6 2. g3 d5 3. Bg2 Nf6 4. Nf3 Bd6 5. cxd5 exd5 6. O-O O-O 7. b3 h6 8. Bb2 c6 9. Nc3 Bf5 10. d3 Re8 11. a3 a5 12. Ra2 Na6 13. Re1 Bh7 14. Ba1 Qc7 15. Qb1 Rad8 16. Rc1 Qe7 17. Bb2 Nc5 18. Qc2 Ne6 19. Na4 b5 20. Nc3 Bc5 21. Nd1 Rc8 22. Qd2 Bb6 23. Bc3 Qd8 24. b4 d4 25. Ba1 axb4 26. axb4 Nd5 27. Ne5 Qd6 28. f4 Nxb4 29. Rb2 c5 30. Rbb1 f6 31. Rxb4 cxb4 32. Nc6 Bc5 33. Na5 Bg6 34. Nf2 f5 35. Qa2 Bf7 36. Qb1 Bb6 37. Nb3 Rxc1+ 38. Qxc1 Nxf4 39. gxf4 Bxb3 40. Bf3 Bd5 0-1


[Site "https://www.chess.com"]

[Event "Titled Tuesday Blitz May 23 Early 2023"]
[White "Makarian, Rudik"]
[Black "Estrada Nieto, Julian"]
[WhiteFideId "44105681"]
[BlackFideId "5101018"]
[WhiteElo "2461"]
[BlackElo "2161"]
[Result "1-0"]
[Round "01"]
[TimeControl "180+2"]
[Date "2023.05.23"]
[WhiteClock "0:01:51"]
[BlackClock "0:00:47"]

1. d4 d5 2. c4 dxc4 3. Nf3 Nf6 4. e3 e6 5. Bxc4 c5 6. O-O a6 7. Nc3 b5 8. Bb3 Bb7 9. e4 cxd4 10. Nxd4 Nbd7 11. Be3 Be7 12. Bxe6 O-O 13. Bxd7 Qxd7 14. Nf5 Bb4 15. Qxd7 Nxd7 16. f3 Bxc3 17. bxc3 Kh8 18. Bd4 f6 19. a4 Rfc8 20. Nd6 Rc7 21. axb5 axb5 22. Nxb5 Rcc8 23. Nd6 Rxa1 24. Rxa1 Ra8 25. Rxa8+ Bxa8 26. Kf2 Kg8 27. g4 Kf8 28. Ke3 g6 29. h4 Ke7 30. Nb5 Bc6 31. c4 h6 32. Nc3 Ke6 33. Nd5 Ba4 34. Nf4+ Kf7 35. h5 g5 36. Ne2 Ke6 37. Ng3 Bb3 38. c5 Ne5 39. Bxe5 Kxe5 40. Nf5 1-0


[Site "https://www.chess.com"]

[Event "Titled Tuesday Blitz May 23 Early 2023"]
[White "Omariev, Maksim"]
[Black "Cordova, Emilio"]
[WhiteFideId "4193423"]
[BlackFideId "3801497"]
[WhiteElo "2497"]
[BlackElo "2607"]
[Result "1/2-1/2"]
[Round "01"]
[TimeControl "180+2"]
[Date "2023.05.23"]
[WhiteClock "0:00:06"]
[BlackClock "0:00:32"]

1. g4 c6 2. Bg2 d5 3. h3 e5 4. d4 exd4 5. Qxd4 Nf6 6. g5 Nfd7 7. Nf3 Qb6 8. Nc3 Qxd4 9. Nxd4 h6 10. gxh6 g6 11. e4 dxe4 12. Nxe4 f5 13. Ng5 Bxh6 14. Bf4 Na6 15. O-O-O O-O 16. Rhe1 Nf6 17. h4 Bd7 18. Re7 Rae8 19. Rde1 Rxe7 20. Rxe7 Re8 21. Rxe8+ Bxe8 22. Nde6 Bd7 23. a3 Nh5 24. Bd2 Ng7 25. Nd8 Bc8 26. Ndf7 Bxg5 27. Nxg5 Bd7 28. b4 Nc7 29. Be3 b6 30. Kb2 Nge6 31. c4 Nxg5 32. hxg5 Kf7 33. Kc3 Ne6 34. f4 Ke7 35. a4 Kd6 36. a5 c5 37. axb6 axb6 38. b5 Nc7 39. Bb7 Be6 40. Bf3 Bf7 41. Kd3 Ne6 42. Bd5 Nd8 43. Bf3 Be6 44. Bd2 Bc8 45. Bc3 Bb7 46. Be5+ Ke6 47. Be2 Be4+ 48. Ke3 Kd7 49. Bd3 Bxd3 50. Kxd3 Nb7 51. Ke3 Na5 52. Kd3 Nb3 53. Kc3 Na5 54. Kd3 Nb7 55. Kc3 Nd8 56. Kd3 Nf7 57. Bf6 Kc7 58. Ke3 Nd6 59. Be5 Kd7 60. Bxd6 Kxd6 61. Kd3 Ke6 62. Ke3 1/2-1/2


[Site "https://www.chess.com"]

[Event "Titled Tuesday Blitz May 23 Early 2023"]
[White "Demchenko, Anton"]
[Black "Trakru, Rohun"]
[WhiteFideId "4160258"]
[BlackFideId "2097613"]
[WhiteElo "2545"]
[BlackElo "1852"]
[Result "1-0"]
[Round "01"]
[TimeControl "180+2"]
[Date "2023.05.23"]
[WhiteClock "0:00:11"]
[BlackClock "0:00:03"]

1. e4 c6 2. d4 d5 3. e5 c5 4. Nf3 Nc6 5. dxc5 Bg4 6. c3 e6 7. Be3 Nge7 8. Nbd2 Nf5 9. Bd4 Be7 10. Be2 O-O 11. O-O Nfxd4 12. cxd4 b6 13. Qa4 Qc7 14. Bb5 Rfc8 15. Ba6 Rcb8 16. Bb5 bxc5 17. Bxc6 Rb4 18. Qxb4 cxb4 19. Bxa8 Qc8 20. Bxd5 exd5 21. Rac1 Qa6 22. h3 Be6 23. Ra1 Qd3 24. Rfc1 h6 25. Rc7 Bd8 26. Rc6 Bb6 27. Rb1 Bxd4 28. Nxd4 Qxd4 29. Nf3 Qd3 30. Re1 Bxh3 31. Re3 Qb1+ 32. Kh2 Be6 33. Re2 Qxa2 34. Nd4 Qa4 35. Rcc2 b3 36. Rcd2 Qc4 37. Re3 Qb4 38. Red3 a5 39. Nxb3 Qb8 40. f4 a4 41. Nd4 Bd7 42. Rc3 Qb4 43. Rdd3 Be6 44. Kg3 g5 45. f5 Bd7 46. e6 fxe6 47. fxe6 Be8 48. Rc8 Kf8 49. Rf3+ Ke7 50. Nf5+ Kxe6 51. Rxe8+ Kd7 52. Re7+ Kd8 53. Rh7 Qb8+ 54. Kg4 Qb4+ 55. Kh5 Qe4 56. Rxh6 Qe8+ 57. Kxg5 Qe4 58. Rf6 Qe2 59. Rf4 Qxg2+ 60. Rg4 Qd2+ 61. Kg6 Qxb2 62. Rxa4 Qg2+ 63. Kf7 d4 64. Raa6 Qd5+ 65. Kg7 Qg2+ 66. Kh6 Qh3+ 67. Kg5 Qg2+ 68. Kf4 Qf2+ 69. Ke4 Qe2+ 70. Kxd4 Qd2+ 71. Ke5 Qe2+ 72. Kf4 Qf2+ 73. Kg5 Qg2+ 74. Kh6 Qh2+ 75. Kg7 Qg2+ 76. Kf8 Kc7 77. Rae6 Qh3 78. Rf7+ Kd8 79. Re8# 1-0


[Site "https://www.chess.com"]

[Event "Titled Tuesday Blitz May 23 Early 2023"]
[White "Baches Garcia, Guillermo"]
[Black "Steinberg, Nitzan"]
[WhiteFideId "2209764"]
[BlackFideId "2801795"]
[WhiteElo "2496"]
[BlackElo "2486"]
[Result "1-0"]
[Round "01"]
[TimeControl "180+2"]
[Date "2023.05.23"]
[WhiteClock "0:00:44"]
[BlackClock "0:01:10"]

1. e4 c5 2. Nf3 e6 3. d4 cxd4 4. Nxd4 Nc6 5. Nc3 Qc7 6. Be3 a6 7. g4 b5 8. Nxc6 dxc6 9. Qf3 b4 10. Na4 c5 11. O-O-O Bd7 12. b3 Bxa4 13. bxa4 Ne7 14. e5 Nd5 15. Rxd5 exd5 16. Qxd5 Rd8 17. Qe4 Be7 18. Bd3 Qd7 19. Rd1 Qxa4 20. e6 Qxa2 21. Bb5+ Kf8 22. Rxd8+ Bxd8 23. e7+ 1-0


[Site "https://www.chess.com"]

[Event "Titled Tuesday Blitz May 23 Early 2023"]
[White "Zhigalko, Sergei"]
[Black "Khamdamova, Afruza"]
[WhiteFideId "13502956"]
[BlackFideId "14210444"]
[WhiteElo "2626"]
[BlackElo "2312"]
[Result "1-0"]
[Round "01"]
[TimeControl "180+2"]
[Date "2023.05.23"]
[WhiteClock "0:00:04"]
[BlackClock "0:00:31"]

1. e4 e5 2. Nf3 Nf6 3. d4 Nxe4 4. Bd3 d5 5. Nxe5 Nd7 6. Nxd7 Bxd7 7. O-O Be7 8. Re1 Nf6 9. Bg5 O-O 10. Nd2 Re8 11. c3 c6 12. Nf3 Bg4 13. Re3 Ne4 14. Bxe7 Qxe7 15. Qc2 Bxf3 16. Rxf3 Nf6 17. h3 Qd6 18. Qd2 Re7 19. Re1 Rae8 20. Rxe7 Rxe7 21. Re3 Rxe3 22. Qxe3 Kf8 23. g3 h6 24. Kg2 Nd7 25. Bf5 a5 26. Bxd7 Qxd7 27. Qe5 Kg8 28. a4 Qd8 29. h4 g6 30. h5 g5 31. f3 Qb6 32. Qe2 Qb3 33. Qe8+ Kg7 34. Qe5+ Kg8 35. Qe8+ Kg7 36. Qe5+ Kh7 37. Qf6 Qxb2+ 38. Kh3 Kg8 39. Qxh6 Qd2 40. Kg4 Qxc3 41. Qxg5+ Kf8 42. Qd8+ Kg7 43. Qg5+ Kf8 44. Qf6 c5 45. Qh8+ Ke7 46. h6 Qd3 47. Qe5+ Kf8 48. Qh8+ Ke7 49. Qe5+ Kf8 50. dxc5 Qg6+ 51. Qg5 Qe6+ 52. Kh4 Ke8 53. h7 Kd7 54. h8=Q Qe1 55. Qxd5+ 1-0


[Site "https://www.chess.com"]

[Event "Titled Tuesday Blitz May 23 Early 2023"]
[White "Rengifo Blancas, Renzo Jhonathan"]
[Black "Zakhartsov, Vladimir"]
[WhiteFideId "3807185"]
[BlackFideId "4145097"]
[WhiteElo "2085"]
[BlackElo "2495"]
[Result "0-1"]
[Round "01"]
[TimeControl "180+2"]
[Date "2023.05.23"]
[WhiteClock "0:00:11"]
[BlackClock "0:00:16"]

1. e4 g6 2. d4 Bg7 3. Nc3 a6 4. f4 b5 5. Nf3 Bb7 6. Bd3 d6 7. Qe2 c5 8. dxc5 dxc5 9. e5 Nh6 10. Be3 Qc7 11. Be4 Nd7 12. Nd5 Qc8 13. O-O-O e6 14. Nc3 b4 15. Bxb7 Qxb7 16. Na4 O-O 17. Nxc5 Nxc5 18. Bxc5 Rfc8 19. Bd6 b3 20. axb3 Qxb3 21. Qd3 Qa2 22. Qa3 Qc4 23. Nd4 Nf5 24. b3 Qc3 25. Qb2 Qe3+ 26. Kb1 Nxd6 27. exd6 Qxf4 28. Rhf1 Qxd6 29. Nf5 Qxd1+ 30. Rxd1 Bxb2 31. Ne7+ Kf8 32. Nxc8 Rxc8 33. Kxb2 Ke7 34. c4 e5 35. Kc3 f5 36. Kb4 Rb8+ 37. Ka4 Rd8 38. Re1 e4 39. Ka5 Rb8 40. b4 Kd6 41. Rb1 Ra8 42. Kb6 f4 43. c5+ Kd5 44. Kb7 Re8 45. c6 e3 46. c7 g5 47. Rd1+ Ke4 48. Rd8 Re7 49. Kb8 Rxc7 50. Kxc7 g4 51. Re8+ Kd3 52. Kb6 f3 53. gxf3 gxf3 54. Kxa6 f2 55. Rd8+ Ke2 56. b5 f1=Q 57. b6 Qa1+ 58. Kb7 Kf2 59. Rf8+ Kg2 60. Rg8+ Kxh2 61. Kc8 e2 62. b7 Qc3+ 63. Kd7 Qd4+ 64. Kc6 Qc4+ 65. Kd7 Qxg8 0-1


[Site "https://www.chess.com"]

[Event "Titled Tuesday Blitz May 23 Early 2023"]
[White "Svane, Frederik"]
[Black "Yurasova, Daria"]
[WhiteFideId "12923044"]
[BlackFideId "34146919"]
[WhiteElo "2502"]
[BlackElo "2109"]
[Result "1-0"]
[Round "01"]
[TimeControl "180+2"]
[Date "2023.05.23"]
[WhiteClock "0:00:13"]
[BlackClock "0:00:06"]

1. c4 c5 2. g3 Nf6 3. Bg2 e6 4. Nf3 Be7 5. O-O O-O 6. d4 cxd4 7. Nxd4 Nc6 8. Nc3 a6 9. b3 Qc7 10. Bb2 b6 11. Rc1 Bb7 12. Nd5 Qd8 13. Nxe7+ Qxe7 14. e4 d6 15. f4 Rac8 16. Nxc6 Bxc6 17. Qd4 Rfd8 18. a4 Qb7 19. Rfe1 Ne8 20. Qf2 b5 21. cxb5 axb5 22. a5 b4 23. Bd4 Bb5 24. Qd2 Rxc1 25. Rxc1 Rc8 26. Rxc8 Qxc8 27. h3 h5 28. Kh2 h4 29. gxh4 Ba6 30. Qxb4 Qc2 31. Qc3 Qa2 32. b4 Bb7 33. Qb2 Qc4 34. b5 e5 35. fxe5 dxe5 36. Bxe5 f6 37. Bg3 Nc7 38. a6 Nxa6 39. bxa6 Bxa6 40. e5 fxe5 41. Bxe5 Qf7 42. Qb8+ Kh7 43. Be4+ Kh6 44. Qh8# 1-0


[Site "https://www.chess.com"]

[Event "Titled Tuesday Blitz May 23 Early 2023"]
[White "Ordekalog"]
[Black "Sjugirov, Sanan"]
[BlackFideId "4189302"]
[WhiteElo "2493"]
[BlackElo "2569"]
[Result "0-1"]
[Round "01"]
[TimeControl "180+2"]
[Date "2023.05.23"]
[WhiteClock "0:00:00"]
[BlackClock "0:00:08"]

1. e4 c5 2. d3 Nc6 3. g3 g6 4. Bg2 Bg7 5. f4 d6 6. Nf3 Nf6 7. O-O O-O 8. c3 Rb8 9. a4 b6 10. Qe2 Ba6 11. Na3 Nd7 12. Nb5 Bb7 13. Bd2 a6 14. Na3 Rc8 15. Rae1 e6 16. Nc2 b5 17. axb5 axb5 18. e5 dxe5 19. Nxe5 Ndxe5 20. fxe5 Qc7 21. Bf4 b4 22. h4 bxc3 23. bxc3 Ne7 24. Bxb7 Qxb7 25. Ne3 Nd5 26. Nxd5 Qxd5 27. h5 Rcd8 28. Rf3 Rd7 29. Ref1 Ra8 30. c4 Qd4+ 31. Kg2 Rb7 32. R1f2 Rab8 33. hxg6 hxg6 34. Qe3 Qxe3 35. Rxe3 Rd7 36. Bg5 Rb3 37. Rff3 Rb2+ 38. Kh3 Rd2 39. g4 Rb7 40. Re4 Ra2 41. Bf6 Rbb2 42. Bxg7 Kxg7 43. g5 Rh2+ 44. Kg3 Rag2+ 45. Kf4 Rh4+ 46. Ke3 Rxe4+ 47. Kxe4 Rxg5 48. Rf1 Rg4+ 49. Ke3 Rg3+ 50. Ke4 Rg2 51. Ra1 Re2+ 52. Kf4 g5+ 53. Kxg5 Rxe5+ 54. Kf4 Rf5+ 55. Ke4 Rh5 56. Rg1+ Kf6 57. Rg8 Rh4+ 58. Ke3 Ke5 59. Rg5+ f5 60. Rg8 Rh3+ 61. Ke2 Kf4 62. Rc8 Rh2+ 63. Kd1 Ke3 64. Rxc5 Kxd3 65. Ke1 Kd4 66. Rc6 e5 67. c5 Ke3 68. Kf1 f4 69. Re6 e4 70. c6 f3 71. Kg1 Rg2+ 72. Kh1 Rc2 73. Rh6 Rc1+ 74. Kh2 f2 75. Rf6 f1=Q 76. Rxf1 Rxf1 0-1


[Site "https://www.chess.com"]

[Event "Titled Tuesday Blitz May 23 Early 2023"]
[White "Kramnik, Vladimir"]
[Black "Rom, Jasper"]
[WhiteFideId "4101588"]
[BlackFideId "2023733"]
[WhiteElo "2703"]
[BlackElo "2233"]
[Result "1-0"]
[Round "01"]
[TimeControl "180+2"]
[Date "2023.05.23"]
[WhiteClock "0:00:32"]
[BlackClock "0:00:00"]

1. c4 e6 2. Nc3 d5 3. d4 c6 4. cxd5 exd5 5. Bf4 Bd6 6. Bxd6 Qxd6 7. e3 Nf6 8. Bd3 O-O 9. Qc2 Nbd7 10. Nge2 Re8 11. h3 Nf8 12. g4 Qe7 13. Ng3 h6 14. O-O-O b5 15. Kb1 a5 16. Nce2 Qd6 17. Rhg1 Ne6 18. Nf5 Qc7 19. h4 Bd7 20. g5 hxg5 21. hxg5 Ne4 22. g6 f6 23. Bxe4 dxe4 24. Neg3 Ng5 25. d5 Qe5 26. Nxg7 Kxg7 27. Nh5+ Kxg6 28. dxc6 Be6 29. Nf4+ Kf7 30. Rd7+ Bxd7 31. cxd7 Re7 32. Qc8 Qb8 33. Qc6 Qd8 34. Qd5+ 1-0


[Site "https://www.chess.com"]

[Event "Titled Tuesday Blitz May 23 Early 2023"]
[White "Devaev, Alexander"]
[Black "Narayanan, Srinath"]
[WhiteFideId "4169395"]
[BlackFideId "5018420"]
[WhiteElo "2172"]
[BlackElo "2438"]
[Result "0-1"]
[Round "01"]
[TimeControl "180+2"]
[Date "2023.05.23"]
[WhiteClock "0:00:00"]
[BlackClock "0:02:25"]

1. d4 f5 2. Nf3 Nf6 3. Bg5 Ne4 4. Bh4 g6 5. Nbd2 Nxd2 6. Qxd2 Bg7 7. e3 d6 8. Bd3 O-O 9. c3 Qe8 10. e4 e5 11. dxe5 dxe5 12. Qc2 Nc6 13. Nd2 Be6 14. f3 Bh6 15. O-O Rf7 16. Bc4 Bxd2 17. Bxe6 Be3+ 0-1


[Site "https://www.chess.com"]

[Event "Titled Tuesday Blitz May 23 Early 2023"]
[White "Drygalov, Andrey"]
[Black "Belov, Alexei"]
[WhiteFideId "24171735"]
[BlackFideId "4128206"]
[WhiteElo "2466"]
[BlackElo "2486"]
[Result "1-0"]
[Round "01"]
[TimeControl "180+2"]
[Date "2023.05.23"]
[WhiteClock "0:00:21"]
[BlackClock "0:00:00"]

1. e4 e6 2. d4 d5 3. Nd2 Nf6 4. e5 Nfd7 5. Bd3 c5 6. c3 Nc6 7. Ngf3 f6 8. exf6 Nxf6 9. O-O Bd6 10. Re1 O-O 11. Nf1 Qc7 12. Bg5 Bd7 13. Ng3 Rae8 14. Bb5 Nxd4 15. Nxd4 cxd4 16. Bxd7 Qxd7 17. cxd4 e5 18. Qb3 Bb8 19. dxe5 Rxe5 20. Rxe5 Bxe5 21. Rd1 Rd8 22. Ne4 Kh8 23. Bxf6 gxf6 24. Nc5 Qc6 25. Nd3 b6 26. Nb4 Qb5 27. a4 Qc5 28. Nxd5 Bd4 29. Ne3 Re8 30. Qf7 Rf8 31. Qe6 Bxb2 32. Nf5 1-0


[Site "https://www.chess.com"]